 Dungeon Crawl Stone Soup version 0.24-a0-169-g71aafec (webtiles) character file.

Game seed: 17599182395253246912

188 emperorscorpion the Slasher (level 5, 0/47 HPs)
             Began as a Minotaur Berserker on Mar 7, 2019.
             Was a Believer of Trog.
             Slain by an ice beast (1 damage)
             ... on level 5 of the Dungeon.
             The game lasted 00:02:49 (427 turns).

emperorscorpion the Slasher (Minotaur Berserker)     Turns: 427, Time: 00:02:50

Health: 0/47       AC:  6    Str: 22    XL:     5   Next: 39%
Magic:  4/4        EV: 11    Int:  4    God:    Trog [**....]
Gold:   54         SH:  0    Dex: 10    Spells: 4/4 levels left

rFire    . . .     SeeInvis .   a - +0 falchion
rCold    . . .     Gourm    .   (no shield)
rNeg     . . .     Faith    .   k - +0 scale mail
rPois    .         Spirit   .   (helmet restricted)
rElec    .         Reflect  .   (no cloak)
rCorr    .         Harm     .   (no gloves)
MR       .....                  (no boots)
Stlth    ..........             m - amulet of the acrobat
HPRegen  0.15/turn              (no ring)
MPRegen  0.09/turn              (no ring)

@: berserk cooldown, slowed, very slow
A: retaliatory headbutt, horns 2
a: Berserk, Trog's Hand, Renounce Religion


You were on level 5 of the Dungeon.
You worshipped Trog.
Trog was pleased with you.
You were near starving.

You visited 1 branch of the dungeon, and saw 5 of its levels.

You collected 54 gold pieces.

Inventory:

Hand Weapons
 a - a +0 falchion (weapon)
 g - a +0 short sword
Missiles
 j - 4 tomahawks (quivered)
 o - 2 javelins
Armour
 b - a +0 animal skin
 i - a +0 leather armour
 k - a +0 scale mail (worn)
Jewellery
 m - an amulet of the acrobat (around neck)
Wands
 n - a wand of iceblast (9)
 q - a wand of random effects (18)
Scrolls
 e - 3 scrolls of identify {unknown}
 p - a scroll of enchant armour {unknown}
Potions
 f - a potion of curing {unknown}
 h - a potion of heal wounds {unknown}
 l - a potion of flight {unknown}
Comestibles
 c - 3 rations
 d - 5 chunks of flesh


   Skills:
 + Level 4.7 Fighting
 + Level 6.0 Long Blades
 + Level 2.8 Armour
 + Level 3.2 Dodging


You had 4 spell levels left.
You didn't know any spells.
Your spell library was empty.

Dungeon Overview and Level Annotations

Branches:
Dungeon (5/15)
 Temple: D:4-7

Altars:
Okawaru

Shops:
D:4 [


Innate Abilities, Weirdness & Mutations

You reflexively headbutt those who attack you in melee.
You have a pair of horns on your head.


Message History

Okay, then.
q - a wand of random effects (18)
An ice beast comes into view.
Things that are here:
a +0 giant spiked club; an ogre skeleton The ice beast hits you but does no damage.
The ice beast closely misses you. You furiously retaliate!
You headbutt the ice beast!
You riposte.
You hit the ice beast. Your headbutt misses the ice beast.
The ice beast is heavily wounded.
You hit the ice beast.
The ice beast is heavily wounded.
The ice beast hits you.
* * * LOW HITPOINT WARNING * * *
The ice beast freezes you!
* * * LOW HITPOINT WARNING * * *
You barely miss the ice beast. You headbutt the ice beast!
The ice beast is almost dead.
The ice beast hits you.
You die...

# #.# #.####.#
...#.#
#####.#.####.#
#....<.......#
#.#####.#######
#.............#
#..####....#.##
#.....@Y..<#
#.$##.####)#
.#:.........# #
....>......##.##
...............#
########...#####
#...# #...#
#...#


You could see an ice beast.

Vanquished Creatures
  An ogre (D:5)
  An orc priest (D:3)
  A worker ant (D:4)
  An adder (D:5)
  A shadow imp (D:5)
  2 oozes
  2 worms
  3 orcs (D:3)
  A giant cockroach (D:3)
  A goblin (D:3)
  4 hobgoblins
  2 quokkas
  2 bats
  A frilled lizard (D:3)
  A kobold (D:3)
  3 rats
27 creatures vanquished.

Notes
Turn   | Place    | Note
-------+----------+-------------------------------------------
     0 | D:1      | emperorscorpion the Minotaur Berserker began the quest for
                  | the Orb.
     0 | D:1      | Reached XP level 1. HP: 19/19 MP: 0/0
    75 | D:2      | Reached XP level 2. HP: 27/27 MP: 1/1
    84 | D:3      | Reached skill level 4 in Long Blades
    96 | D:3      | Found an iron altar of Okawaru.
   186 | D:3      | Reached XP level 3. HP: 6/34 MP: 2/2
   275 | D:4      | Found Ofiar's Antique Armour Boutique.
   333 | D:3      | Reached XP level 4. HP: 21/41 MP: 3/3
   354 | D:4      | Reached ** piety under Trog
   354 | D:4      | Reached skill level 5 in Long Blades
   367 | D:5      | Entered Level 5 of the Dungeon
   380 | D:5      | Noticed an ogre
   402 | D:5      | Killed an ogre
   402 | D:5      | Reached XP level 5. HP: 25/47 MP: 4/4
   405 | D:5      | Reached skill level 6 in Long Blades
   416 | D:5      | Noticed an ice beast
   426 | D:5      | HP: 1/47 [ice beast (12)]
   427 | D:5      | Slain by an ice beast

Levels and vault maps discovered:
D:1:      giann_wishing_wells, layout_basic, corner_web_ring
D:2:      layout_rooms, roderic_serpentine_path
D:3:      layout_rooms, okawaru_ov_weapons_minmay
D:4:      layout_rooms, first_ration, serial_shops, shop, shop,
          dk_noncrumbling_4, minmay_misc_feat_rows
D:5:      layout_basic, minmay_temple_entry_antechambers, serial_bayou_lagoon_a

Skill      XL: |  1  2  3  4  5 |
---------------+----------------+-----
Long Blades    | 4 5 6 |  6.0
Fighting       | 4 |  4.7
Dodging        | 3 |  3.2
Armour         | |  2.8

Action                   |  1- 3 |  4- 6 || total
-------------------------+-------+-------++-------
Melee: Falchion          |    46 |    14 ||    60
       Headbutt          |    13 |     4 ||    17
Invok: Berserk           |     2 |     1 ||     3
Armor: Animal skin       |     8 |       ||     8
       Scale mail        |     1 |     4 ||     5
       Leather armour    |     1 |       ||     1
Dodge: Dodged            |    25 |     7 ||    32
       Rpst.: Falchion   |     7 |     5 ||    12

Table legend:
 A = Non-vault XP
 B = Vault XP
 C = Vault XP percentage of total XP
 D = Non-vault monster count
 E = Vault monster count
 F = Vault count percentage of total count
                 A         B        C        D         E       F
            +---------+---------+-------+---------+---------+-------
      Total |     269 |       0 |   0.0 |      27 |       0 |   0.0
            +---------+---------+-------+---------+---------+-------
        D:2 |      13 |       0 |   0.0 |       6 |       0 |   0.0
        D:3 |      77 |       0 |   0.0 |      15 |       0 |   0.0
        D:4 |      42 |       0 |   0.0 |       3 |       0 |   0.0
        D:5 |     137 |       0 |   0.0 |       3 |       0 |   0.0
            +---------+---------+-------+---------+---------+-------
